 Dungeon Crawl Stone Soup version 0.14-a0-218-g24e112a (webtiles) character file.

855 Duskembrace the Ruffian (level 7, -5/57 (58) HPs)
             Began as a Ghoul Monk on Oct 8, 2013.
             Slain by an orc warrior
             ... wielding a +0,+0 orcish war axe
              (11 damage)
             ... on Level 5 of the Dungeon.
             The game lasted 00:17:48 (3910 turns).

Duskembrace the Ruffian (Ghoul Monk)                Turns: 3910, Time: 00:17:49

HP  -5/57 (58)   AC  4     Str 15      XL: 7   Next: 56%
MP  13/13        EV 14     Int  5      God:
Gold 195         SH  0     Dex 13      Spells:  0 memorised,  6 levels left

Res.Fire  : . . .   See Invis. : .     - Unarmed
Res.Cold  : + . .   Warding    : .   q - +0 robe (curse)
Life Prot.: + + +   Conserve   : .   (no shield)
Res.Poison: +       Res.Corr.  : .   (no helmet)
Res.Elec. : .       Clarity    : .   n - +0 cloak
Sust.Abil.: . .     Spirit.Shd : .   (no gloves)
Res.Mut.  : .       Stasis     : .   g - +0 pair of boots
Res.Rott. : +       Flight     : .   (no amulet)
Saprovore : + + +                    (no ring)
                                     u - ring of magical power

@: rotting, slightly resistant to hostile enchantments, fairly stealthy
A: rotting body, claws 1, carnivore 3, cold resistance 1, life protection 3,
poison resistance, saprovore 3, slow healing 1, torment resistance, unbreathing
a: no special abilities


You were on level 5 of the Dungeon.
You were not hungry.

You visited 1 branch of the dungeon, and saw 6 of its levels.

You collected 195 gold pieces.

Inventory:

Missiles
 l - 12 darts (quivered)
Armour
 a - a +0 robe
 g - a +0 pair of boots (worn)
 n - a +0 cloak (worn)
 q - a cursed +0 robe (worn)
Comestibles
 m - 2 meat rations
 B - a rotting chunk of hobgoblin flesh
 D - a chunk of hound flesh
Scrolls
 e - 11 scrolls of identify {unknown}
 f - 5 scrolls of remove curse {unknown}
 i - a scroll of amnesia {unknown}
 k - 2 scrolls of curse weapon {unknown}
 o - a scroll of teleportation {unknown}
 r - 3 scrolls of curse armour {unknown}
 t - a scroll of enchant armour {unknown}
 x - a scroll of enchant weapon II {unknown}
 y - 3 scrolls of immolation {unknown}
 z - a scroll of curse jewellery {unknown}
 A - a scroll of magic mapping {unknown}
Jewellery
 u - a ring of magical power (left claw)
Potions
 b - 7 potions of curing {unknown}
 c - 4 potions of agility {unknown}
 d - a potion of degeneration {unknown}
 h - a potion of might {unknown}
 j - a potion of brilliance {unknown}
 p - 2 potions of magic {unknown}
 v - a potion of confusion {unknown}
 w - 2 potions of restore abilities {unknown}
 C - a potion of speed {unknown}


   Skills:
 + Level 4.7 Fighting
 + Level 5.3 Dodging
 + Level 3.3 Stealth
 + Level 6.9 Unarmed Combat


You had 6 spell levels left.
You didn't know any spells.

Dungeon Overview and Level Annotations

Branches:
Dungeon (6/27)
 Temple: D:4-7          Orc: D:6-11

Altars:


Innate Abilities, Weirdness & Mutations

Your body is rotting away.
You have sharp fingernails.
You are carnivorous and can eat meat at any time.
Your flesh is cold resistant.
You are immune to negative energy.
Your system is resistant to poisons.
You thrive on rotten meat.
You heal slowly.
You are immune to unholy pain and torment.
You can survive without breathing.


Message History

The orc warrior is severely wounded.
The orc warrior hits you with an orcish war axe.
* * * LOW HITPOINT WARNING * * *
There is an open door here.
Throwing (i - inventory):
l - 13 darts (quivered)
Press: ? - help, Shift-Dir - straight line, f - orc warrior
Aim: an orc warrior, wielding an orcish war axe and wearing an orcish chain mail (severely wounded)
You throw a dart. The dart misses the orc warrior.
You hit the orc warrior.
The orc warrior begins to bleed from its wounds!
The orc warrior is almost dead.
The orc warrior closely misses you.
Found a battleaxe.
A kobold comes into view. It is wielding a whip.
The kobold moves out of view.
You hit the orc warrior but do no damage.
The orc warrior is almost dead.
The orc warrior is no longer bleeding.
The orc warrior hits you with an orcish war axe!
You die...

)....#..##.......
.....#..##......#
#....#..##......#
##....#..###...###
..........>....'..
#.##.##.#.....###
#............(# #
#.####..#.##.#.....##
#....@o.............+
#.......#..#.##.#..##.##
###.##.#..#.##.#..##.# .
# ................#..
#####.#.##.#.#...#.#
#......#+#......
#............... #.
.............#.#
#.#####............#.#


You could see an orc warrior.

Vanquished Creatures
  2 ogres (D:5)
  2 crimson imps (D:6)
  A giant frog zombie (D:4)
  A giant frog skeleton (D:6)
  2 hounds
  A scorpion (D:4)
  A gnoll shaman (D:5)
  An orc priest (D:3)
  An orc wizard (D:3)
  3 adders
  4 gnolls (D:5)
  An inept item mimic (D:3)
  3 giant mites
  4 worms
  2 iguana skeletons (D:4)
  A giant gecko (D:1)
  10 orcs
  A ball python (D:1)
  11 bats
  3 giant cockroaches
  7 goblins
  10 hobgoblins
  2 jackals (D:6)
  A quokka (D:3)
  3 giant newts
  A goblin skeleton (D:5)
  A goblin zombie (D:5)
  A hobgoblin skeleton (D:6)
  4 kobolds
  2 rats
87 creatures vanquished.

Notes
Turn   | Place    | Note
--------------------------------------------------------------
     0 | D:1      | Duskembrace, the Ghoul Monk, began the quest for the Orb.
     0 | D:1      | Reached XP level 1. HP: 17/17 MP: 0/0
   237 | D:1      | Reached XP level 2. HP: 24/24 MP: 1/1
   686 | D:2      | Reached skill level 5 in Unarmed Combat
   686 | D:2      | Reached XP level 3. HP: 12/30 MP: 2/2
  1349 | D:2      | Reached XP level 4. HP: 33/37 MP: 2/2
  2082 | D:3      | Reached XP level 5. HP: 15/42 MP: 3/3
  2565 | D:4      | Reached XP level 6. HP: 23/51 MP: 4/4
  2634 | D:4      | Reached skill level 6 in Unarmed Combat
  2849 | D:5      | Entered Level 5 of the Dungeon
  3376 | D:5      | Reached XP level 7. HP: 24/57 MP: 4/4
  3460 | D:5      | Reached skill level 5 in Dodging
  3814 | D:6      | HP: 1/57 [orc warrior/orcish war axe (22)]
  3910 | D:5      | Slain by an orc warrior

Action                   |  1- 3 |  4- 6 |  7- 9 || total
-------------------------+-------+-------+-------++-------
Melee: Unarmed           |    94 |   163 |    61 ||   318
Throw: Dart              |       |       |     1 ||     1
 Stab: Sleeping          |     1 |     1 |     2 ||     4
